 Dungeon Crawl Stone Soup version 0.22-a0-395-gfed312b (webtiles) character file.

10991 torrenera the Fighter (level 11, -9/109 HPs)
             Began as a Deep Dwarf Necromancer on May 3, 2018.
             Was an Elder of Makhleb.
             Mangled by a white ugly thing (21 damage)
             ... on level 10 of the Dungeon.
             The game lasted 00:46:54 (12098 turns).

torrenera the Fighter (Deep Dwarf Necromancer)     Turns: 12098, Time: 00:46:55

Health: -9/109     AC:  8    Str: 15    XL:     11   Next: 43%
Magic:  19/30      EV: 11    Int: 16    God:    Makhleb [****..]
Gold:   508        SH:  0    Dex: 13    Spells: 15/24 levels left

rFire    . . .     SeeInvis .   b - +2 whip (elec)
rCold    . . .     Gourm    .   (no shield)
rNeg     . . .     Faith    .   E - +2 robe {Archmagi}
rPois    .         Spirit   .   w - +1 helmet
rElec    .         Reflect  .   (no cloak)
rCorr    +         Harm     .   f - +0 pair of gloves
MR       +....                  (no boots)
Stlth    +.........             m - amulet of the acrobat
HPRegen  0.00/turn              x - ring of magical power
MPRegen  0.22/turn              T - ring of resist corrosion

@: non-regenerating, heavily drained
A: damage resistance, heal wounds, sense surroundings 2, no regeneration
a: Heal Wounds, Minor Destruction, Lesser Servant of Makhleb, Major Destruction,
Renounce Religion


You were on level 10 of the Dungeon.
You worshipped Makhleb.
Makhleb was greatly pleased with you.
You were not hungry.

You visited 1 branch of the dungeon, and saw 11 of its levels.

You collected 564 gold pieces.
You spent 56 gold pieces at shops.

Inventory:

Hand Weapons
 a - a +1 dagger of venom
 b - a +2 whip of electrocution (weapon)
 g - a +3 battleaxe of freezing
 u - a +0 blowgun
 A - the cursed +0 shortbow "Ysahukak" {freeze, rF+ rC+ Str-5 Int+8}
   (You found it on level 7 of the Dungeon)

   It causes projectiles fired from it to freeze those they strike, causing
   extra injury to most foes and up to half again as much damage against
   particularly susceptible opponents.
   They can also slow down cold-blooded creatures.
   It affects your strength (-5).
   It affects your intelligence (+8).
   It protects you from fire.
   It protects you from cold.
   It has a curse placed upon it.
 L - the +8 dagger of Moral Flaws {pierce, Dex+4, unknown}
   (You found it on level 8 of the Dungeon)

   It inflicts extra damage upon your enemies.
   It affects your dexterity (+4).
 P - a +0 arbalest
Missiles
 i - 8 javelins of penetration
 s - 5 needles of sleeping
 D - 425 stones (quivered)
 G - 28 arrows
 Q - 27 bolts
 V - 16 poisoned needles
Armour
 f - a +0 pair of gloves (worn)
 r - a +0 buckler
 w - a +1 helmet (worn)
 E - a +2 robe of the Archmagi (worn)
 S - the +0 robe of Idealism {Stlth+, unknown}
   (You found it on level 9 of the Dungeon)

   It makes you more stealthy.
 X - a +0 leather armour of cold resistance
Magical Staves
 M - an uncursed staff of power
Jewellery
 m - an amulet of the acrobat (around neck)
 x - a ring of magical power (left hand)
 z - an uncursed ring of stealth
 H - an uncursed ring of teleportation
 I - an uncursed amulet of rage
 T - a ring of resist corrosion (right hand)
Wands
 e - a wand of polymorph (34)
 B - a wand of digging (14)
 J - a wand of acid (3)
 W - a wand of iceblast (6)
Scrolls
 j - 4 scrolls of magic mapping
 k - a scroll of blinking
 l - a scroll of immolation
 n - a scroll of enchant weapon {unknown}
 o - a scroll of fear
 p - 3 scrolls of teleportation
 v - 4 scrolls of enchant armour
 y - 3 scrolls of amnesia
 U - a scroll of holy word {unknown}
Potions
 d - 2 potions of lignification
 h - 2 potions of berserk rage
 q - 7 potions of curing
 t - 2 potions of flight
 C - 2 potions of might
 F - a potion of agility
 N - a potion of heal wounds {unknown}
 R - a potion of resistance {unknown}
Miscellaneous
 K - a sack of spiders
Comestibles
 c - 11 rations


   Skills:
 - Level 10.2(6.9) Fighting
 - Level 9.1(5.9) Armour
 - Level 2.1(0.0) Dodging
 - Level 2.4(0.0) Stealth
 - Level 7.0(3.9) Spellcasting
 - Level 10.0(6.7) Necromancy
 + Level 1.7(0.0) Invocations
 + Level 1.7(0.0) Evocations


You had 15 spell levels left.
You knew the following spells:

 Your Spells              Type           Power        Failure   Level  Hunger
a - Pain                  Necr           ####         1%          1    None
b - Animate Skeleton      Necr           N/A          1%          1    None
c - Vampiric Draining     Necr           #####.....   3%          3    ###....
d - Animate Dead          Necr           N/A          11%         4    ####...


Dungeon Overview and Level Annotations

Branches:
Dungeon (11/15)            Temple (0/1) D:6            Lair (0/6) D:11
    Orc (0/2) D:11

Altars:
Ashenzari
Cheibriados
Dithmenos
Elyvilon
Gozag
Hepliaklqana
Kikubaaqudgha
Makhleb
Nemelex Xobeh
Okawaru
Qazlal
Sif Muna
Trog
Vehumet
Yredelemnul

Shops:
D:7 !

Annotations:
D:4 1 runed door


Innate Abilities, Weirdness & Mutations

You are resistant to damage.
You can heal yourself by infusing magical energy.
You passively map the area around you.
You do not regenerate.


Message History

Confirm with . or Enter, or press ? or * to list all spells.
Aiming: Vampiric Draining (safe; 3% risk of failure)
Press: ? - help, Shift-Dir - straight line, f/p - white ugly thing
Aim: a white ugly thing (moderately wounded)
You feel a surge of power!
The white ugly thing is severely wounded.
You feel life coursing into your body. The white ugly thing bites you.
The white ugly thing freezes you!!
* * * LOW HITPOINT WARNING * * *
Casting: Vampiric Draining (safe; 3% risk of failure)
Confirm with . or Enter, or press ? or * to list all spells.
Aiming: Vampiric Draining (safe; 3% risk of failure)
Press: ? - help, Shift-Dir - straight line, f/p - white ugly thing
Aim: a white ugly thing (severely wounded)
You feel a surge of power!
The white ugly thing is severely wounded.
You feel life coursing into your body. The white ugly thing bites you!
* * * LOW HITPOINT WARNING * * *
The white ugly thing freezes you!!
You die...

##.......##......####....
#...#...###...### ###..
#..##....#.....# ##.
##..#...........## #..
#...........)....# ##..
###...........).[..#####..#
#..##......##...)...##..###
##.#####.[[#####........##
#..#####.@# ###)......#
##.......u# ##......#
#........# ##....##
##.#####..## ##..#### ##.##
##..# ##.###. ##.## #..##
#..... #.## ##..## #..#..
### #...#### #.#.##
##.....######....


You could see a white ugly thing.

Vanquished Creatures
  3 two-headed ogres
  An unseen horror (D:10)
  Pikel (D:4)
  A centaur skeleton (D:10)
  2 trolls
  3 hippogriffs
  A wyvern (D:9)
  9 yaks
  3 hogs (D:7)
  A human (D:7)
  A hungry ghost (D:7)
  Eustachio (D:4)
  A water moccasin (D:5)
  2 orc warriors
  2 sky beasts
  4 black bears
  A phantom (D:8)
  5 ogres
  4 centaurs
  A big kobold (D:9)
  2 bullfrogs (D:9)
  A water moccasin skeleton (D:5)
  11 killer bees
  6 wights
  A howler monkey (D:7)
  2 crimson imps (D:6)
  A centaur zombie (D:7)
  2 hounds (D:10)
  5 orc priests
  2 iguanas
  10 orc wizards
  A bullfrog skeleton (D:10)
  4 worker ants
  2 hound zombies
  2 worker ant zombies
  8 gnolls
  9 adders
  3 river rats (D:3)
  5 shadow imps
  An ooze (D:1)
  3 adder skeletons
  3 dart slugs (D:1)
  7 leopard geckos
  23 orcs
  5 giant cockroaches
  5 goblins
  7 hobgoblins
  11 jackals
  2 quokkas
  3 ball pythons
  10 bats
  4 frilled lizards
  7 kobolds
  A leopard gecko skeleton (D:7)
  3 quokka skeletons
  A quokka zombie (D:7)
  11 rats
231 creatures vanquished.

Vanquished Creatures (collateral kills)
  A two-headed ogre (D:9)
  A hornet (D:9)
  A hippogriff (D:9)
  A yak (D:8)
  A centaur (D:10)
  Blork the orc (D:6)
  2 bullfrogs
  3 killer bees (D:10)
  A wight (D:8)
  A crimson imp (D:8)
  2 orc wizards
  An iguana (D:8)
  2 hound zombies
  3 adders
  A shadow imp (D:8)
  2 leopard geckos
  An orc (D:9)
  A bat (D:1)
  3 jackals (D:8)
  A frilled lizard (D:1)
  A kobold (D:9)
  A quokka skeleton (D:9)
  2 rats
34 creatures vanquished.

Grand Total: 265 creatures vanquished

Notes
Turn   | Place    | Note
-------+----------+-------------------------------------------
     0 | D:1      | torrenera the Deep Dwarf Necromancer began the quest for the Orb.
     0 | D:1      | Reached XP level 1. HP: 15/15 MP: 3/3
   274 | D:1      | Reached XP level 2. HP: 5/22 MP: 0/5
   278 | D:1      | Learned a level 1 spell: Animate Skeleton
   840 | D:1      | Reached skill level 5 in Necromancy
  1033 | D:1      | Reached XP level 3. HP: 7/28 MP: 2/6
  1056 | D:1      | Learned a level 3 spell: Vampiric Draining
  1674 | D:2      | Reached XP level 4. HP: 19/36 MP: 0/8
  2103 | D:2      | Found a stormy altar of Qazlal.
  2146 | D:2      | Found a radiant altar of Vehumet.
  2844 | D:3      | Reached XP level 5. HP: 38/42 MP: 0/10
  4039 | D:3      | Reached XP level 6. HP: 23/49 MP: 5/12
  4083 | D:2      | Found a burning altar of Makhleb.
  4092 | D:2      | Became a worshipper of Makhleb the Destroyer
  4170 | D:4      | Learned a level 4 spell: Animate Dead
  4180 | D:4      | Found a hazy altar of Hepliaklqana.
  4314 | D:4      | Noticed a slave
  4314 | D:4      | Noticed a slave
  4315 | D:4      | Noticed Pikel
  4532 | D:4      | Noticed Eustachio
  4686 | D:4      | Killed Eustachio
  4832 | D:4      | Reached skill level 5 in Spellcasting
  4853 | D:4      | Found a white marble altar of Elyvilon.
  4855 | D:4      | Found a runed door.
  4855 | D:4      | Noticed an angel
  4856 | D:4      | Noticed a slave
  4865 | D:4      | Killed Pikel
  4865 | D:4      | Reached XP level 7. HP: 40/55 MP: 7/16
  5489 | D:5      | Entered Level 5 of the Dungeon
  5505 | D:5      | Reached XP level 8. HP: 49/62 MP: 16/17
  5674 | D:5      | Found a shadowy altar of Dithmenos.
  5874 | D:5      | Reached * piety under Makhleb
  6212 | D:6      | Got a fine leather armour
  6220 | D:6      | Identified the cursed +1 leather armour of Hiymafes {Dex+4} (You found it on level 6 of the Dungeon)
  6461 | D:6      | Found a bloodstained altar of Trog.
  6648 | D:6      | Found a shattered altar of Ashenzari.
  6752 | D:6      | Got a faintly glowing robe
  6753 | D:6      | Identified the +1 robe "Quceguxi" {Regen+} (You found it on level 6 of the Dungeon)
  6760 | D:6      | Found a staircase to the Ecumenical Temple.
  6912 | D:6      | Noticed Blork the orc
  7002 | D:6      | Killed Blork the orc
  7002 | D:6      | Reached skill level 10 in Necromancy
  7114 | D:7      | Reached ** piety under Makhleb
  7222 | D:7      | Reached skill level 1 in Armour
  7230 | D:7      | Reached skill level 1 in Fighting
  7230 | D:7      | Gained mutation: You passively map the area around you. [Deep Dwarf growth]
  7230 | D:7      | Reached XP level 9. HP: 65/70 MP: 19/19
  7244 | D:7      | Got a dazzling shortbow
  7368 | D:7      | Found an opulent altar of Gozag.
  7369 | D:7      | Found a basalt altar of Yredelemnul.
  7462 | D:7      | Found Cunla's Distillery.
  7479 | D:7      | Bought a potion of agility for 56 gold pieces
  7546 | D:7      | Identified the cursed +0 shortbow "Ysahukak" {freeze, rF+ rC+ Str-5 Int+8} (You found it on level 7 of the Dungeon)
  7807 | D:7      | Reached skill level 5 in Armour
  8007 | D:7      | Found an iron altar of Okawaru.
  8119 | D:7      | Reached skill level 5 in Fighting
  8546 | D:8      | Got a crystal dagger
  8573 | D:8      | Reached XP level 10. HP: 59/91 MP: 16/20
  8576 | D:8      | Noticed a two-headed ogre
  8653 | D:8      | Killed a two-headed ogre
  8704 | D:8      | Found a deep blue altar of Sif Muna.
  8718 | D:8      | Reached *** piety under Makhleb
  8790 | D:8      | Noticed a two-headed ogre
  8806 | D:8      | Killed a two-headed ogre
  8938 | D:8      | Found an ancient bone altar of Kikubaaqudgha.
  9118 | D:8      | Found a snail-covered altar of Cheibriados.
  9271 | D:9      | Noticed a two-headed ogre
  9699 | D:9      | Noticed a two-headed ogre
  9709 | D:9      | Killed a two-headed ogre
  9709 | D:9      | Reached XP level 11. HP: 83/104 MP: 20/21
 10112 | D:9      | Reached **** piety under Makhleb
 10140 | D:9      | Killed a two-headed ogre
 10176 | D:9      | Found a sparkling altar of Nemelex Xobeh.
 10335 | D:9      | Got a dull robe
 10353 | D:10     | Entered Level 10 of the Dungeon
 10439 | D:10     | Killed an unseen horror
 10640 | D:10     | Reached skill level 10 in Fighting
 11311 | D:10     | Reached skill level 1 in Invocations
 11311 | D:10     | Reached skill level 1 in Evocations
 12026 | D:11     | Noticed a white ugly thing
 12084 | D:11     | Found a staircase to the Orcish Mines.
 12098 | D:10     | Mangled by a white ugly thing

Vault maps used:
D:1:      sevenhm_arrival_forest_fort_large_2, grunt_decor_cap
D:2:      nicolae_overflow_hidden_temple, nicolae_qazlal_general_emergency,
          first_ration
D:3:      portal_sewer_entry_e
D:4:      lemuel_round_altar, hex_medium, lemuel_angel_altar, uniq_eustachio,
          uniq_pikel
D:5:      grunt_dithmenos_smoke_and_mirrors, minmay_holes
D:6:      lemuel_ice_spiral_2, lemuel_crystal_altar, trog_ov_bears_minmay,
          minmay_temple_entry_overgrown, uniq_blork_the_orc
D:7:      okawaru_altar_gauntlet_db, minitemple, serial_shops, shop,
          grunt_livestock, minmay_misc_feat_encased, grunt_decor_mini_mirrors
D:8:      lemuel_doored_altar, kennysheep_little_box, basic_altar,
          minmay_misc_feat_alley
D:9:      nicolae_overflow_crystal_walls
D:10:     minmay_curled_crystal
D:11:     hangedman_cross_cluster, minivault_24

Skill      XL: |  1  2  3  4  5  6  7  8  9 10 11 |
---------------+----------------------------------+-----
Spellcasting   | 2 3 4 6 7 |  7.0
Necromancy     | 5 6 7 10 | 10.0
Armour         | 1 6 8 9 |  9.1
Fighting       | 1 5 8 10 | 10.2
Invocations    | 1 |  1.7
Evocations     | 1 |  1.7
Dodging        | |  2.1
Stealth        | |  2.4

Action                   |  1- 3 |  4- 6 |  7- 9 | 10-12 || total
-------------------------+-------+-------+-------+-------++-------
Melee: Unarmed           |    23 |       |       |       ||    23
       Dagger            |     2 |    85 |    14 |       ||   101
       Whip              |       |       |   220 |   210 ||   430
 Fire: Blowgun           |       |       |     2 |       ||     2
Throw: Stone             |     2 |    19 |    26 |    14 ||    61
 Cast: Pain              |    55 |    21 |     8 |       ||    84
       Animate Skeleton  |     8 |    18 |    23 |    27 ||    76
       Vampiric Draining |     5 |    44 |    66 |    87 ||   202
       Animate Dead      |       |       |       |     1 ||     1
 Abil: Heal Wounds       |       |     1 |       |       ||     1
Evoke: Wand              |       |       |       |     4 ||     4
  Use: Scroll            |       |     5 |    14 |     1 ||    20
 Stab: Sleeping          |       |     2 |     6 |     7 ||    15
       Distracted        |       |       |       |     4 ||     4
  Eat: Chunk             |     4 |    10 |    13 |    12 ||    39
       Ration            |       |     1 |     1 |     1 ||     3
Armor: Robe              |    10 |    45 |    88 |   108 ||   251
Dodge: Dodged            |    42 |   108 |   179 |   283 ||   612

Table legend:
 A = Spawn XP
 B = Non-spawn XP
 C = Spawn XP percentage of total XP
 D = Spawn monster count
 E = Non-spawn monster count
 F = Spawn count percentage of total count
 G = Total turns spent on level
                    A         B        C        D         E        F      G
               +---------+---------+-------+---------+---------+-------+---------
         Total |       0 |   15702 |   0.0 |       0 |     265 |   0.0 | 12098
               +---------+---------+-------+---------+---------+-------+---------
           D:1 |       0 |      71 |   0.0 |       0 |      33 |   0.0 |  1598
           D:2 |       0 |      76 |   0.0 |       0 |      17 |   0.0 |   852
           D:3 |       0 |     265 |   0.0 |       0 |      33 |   0.0 |  1739
           D:4 |       0 |     894 |   0.0 |       0 |      11 |   0.0 |  1300
           D:5 |       0 |     468 |   0.0 |       0 |      17 |   0.0 |   635
           D:6 |       0 |     866 |   0.0 |       0 |      27 |   0.0 |   998
           D:7 |       0 |    2856 |   0.0 |       0 |      33 |   0.0 |  1611
           D:8 |       0 |    3668 |   0.0 |       0 |      29 |   0.0 |   985
           D:9 |       0 |    3481 |   0.0 |       0 |      31 |   0.0 |   888
          D:10 |       0 |    3057 |   0.0 |       0 |      34 |   0.0 |  1468
               +---------+---------+-------+---------+---------+-------+---------
